 Dungeon Crawl Stone Soup version 0.31.0-32-g396128a36d (webtiles) character file.

Game seed: 3201090235679001202

27 w4ck4d00 the Firebug (level 1, 0/14 HPs)
             Began as a Draconian Fire Elementalist on Apr 6, 2024.
             Was a Follower of Ru.
             Frozen to death by an endoplasm (3 damage)
             ... on level 1 of the Dungeon.
             The game lasted 00:14:25 (1296 turns).

w4ck4d00 the Firebug (Draconian Fire Elementalist)  Turns: 1296, Time: 00:14:28

Health: 0/14       AC:  4    Str: 10    XL:     1   Next: 93%
Magic:  0/3        EV: 12    Int: 15    God:    Ru [*.....]
Gold:   32         SH:  0    Dex: 11    Spells: 3/4 levels left

rFire   . . .        b - +0 club
rCold   . . .        (no shield)
rNeg    . . .        (body armour unavailable)
rPois   .            (helmet restricted)
rElec   .            (no cloak)
rCorr   .            (no gloves)
SInv    .            (no boots)
Will    .....        (no amulet)
Stlth   ++           (no ring)
HPRegen 0.22/turn    (no ring)
MPRegen 0.08/turn

%: clarity
@: slowed, very slow
A: AC +4, unfitting armour, cold-blooded, inexperienced 1, clarity, low MP 1, no
potion heal 1
a: Renounce Religion


You were on level 1 of the Dungeon.
You worshipped Ru.
Ru was aware of your devotion.
You visited 1 branch of the dungeon, and saw 1 of its levels.

You collected 32 gold pieces.

Inventory:

Hand Weapons
 b - a +0 club (weapon)
Missiles
 c - a throwing net
Scrolls
 a - a scroll of identify


   Skills:
 + Level 1.9 Dodging
 + Level 2.0 Stealth
 + Level 2.3 Spellcasting
 + Level 1.0 Conjurations
 + Level 3.6 Fire Magic


You had 3 spell levels left.
You knew the following spells:

 Your Spells              Type           Power      Damage    Failure   Level
a - Foxfire               Conj/Fire      32%        2x1d5     9%          1

Your spell library contained the following spells:

 Spells                   Type           Power      Damage    Failure   Level
 Scorch                   Fire           24%        2d6       8%          2
 Inner Flame              Hex/Fire       7%         N/A       30%         3
 Volatile Blastmotes      Fire/Tloc      14%        2d11      30%         3
 Flame Wave               Conj/Fire      8%         2d5       63%         4


Dungeon Overview and Level Annotations

Branches:
Dungeon (1/15)

Altars:
Ru


Innate Abilities, Weirdness & Mutations

Your plain brown scales are hard. (AC +4)
You cannot fit into any form of body armour.
You are cold-blooded and may be slowed by cold attacks.
You are somewhat inexperienced. (-1 XL)
You possess an exceptional clarity of mind.
Your magical capacity is low. (-10% MP)
Potions are less effective at restoring your health.


Message History

The quokka barely misses you. The quokka attacks as it pursues you!
The quokka closely misses you.
Your magical contamination has completely faded away.
The quokka attacks as it pursues you! The quokka bites you.
Casting: Foxfire (safe; 9% risk of failure)
Confirm with . or Enter, or press ? or * to list all spells.
You conjure some foxfire!
You redirect the quokka's attack!
The quokka closely misses itself.
The foxfire hits the quokka but does no damage.
The quokka is severely wounded.
The foxfire hits the endoplasm.
The endoplasm is heavily wounded.
The endoplasm freezes you.
You are frozen.
The quokka bites you but does no damage.
The quokka attacks as it pursues you!
The quokka bites you but does no damage.
The endoplasm hits you. The quokka bites you. The endoplasm freezes you.
You are frozen.
* * * LOW HITPOINT WARNING * * *
You feel yourself slow down. The quokka bites you.
* * * LOW HITPOINT WARNING * * *
Casting: Foxfire (safe; 9% risk of failure)
Confirm with . or Enter, or press ? or * to list all spells.
You conjure some foxfire!
The quokka bites you but does no damage.
The endoplasm barely misses you.
The quokka is stunned by your conviction and fails to attack.
The foxfire hits the endoplasm.
You kill the endoplasm!
The foxfire hits the endoplasm.
The endoplasm is almost dead.
The endoplasm closely misses you. The quokka closely misses you.
The endoplasm freezes you.
You are frozen.
You die...

.......####.##.J..).......
#.......##............
#.......##.........)..
#..............#####..
##.....###..########..
#.....# ##.......####
#.....# #######..##.
#...rJ###### ##....
#...@......#########.
###§§...........# #.
#.............# #.
#.............# #.
#.............# ##
#####.............#####
#.....................#
#.....÷................
#.....#####.##.........


You could see an endoplasm and a quokka.

Vanquished Creatures
  2 dart slugs (D:1)
  4 endoplasms (D:1)
  2 hobgoblins (D:1)
  3 quokkas (D:1)
  2 ball pythons (D:1)
  A bat (D:1)
  3 frilled lizards (D:1)
  4 kobolds (D:1)
  2 rats (D:1)
23 creatures vanquished.

Vanquished Creatures (others)
  81 foxfires (D:1)
81 creatures vanquished.

Grand Total: 104 creatures vanquished

Notes
Turn   | Place    | Note
-------+----------+-------------------------------------------
     0 | D:1      | w4ck4d00 the Draconian Fire Elementalist began the quest
                  | for the Orb.
     0 | D:1      | Reached XP level 1. HP: 14/14 MP: 3/3
    69 | D:1      | Gained mutation: Your magical capacity is low. (-10% MP)
                  | [potion of mutation]
    69 | D:1      | Gained mutation: Potions are less effective at restoring
                  | your health. [potion of mutation]
    69 | D:1      | Gained mutation: You possess an exceptional clarity of
                  | mind. [potion of mutation]
   253 | D:1      | Reached XP level 2. HP: 20/20 MP: 1/4
   392 | D:1      | Found a faded altar of an unknown god.
   418 | D:1      | Prayed at the altar of an unknown god.
   418 | D:1      | Became a worshipper of Ru the Awakened
   426 | D:1      | Gained mutation: You are somewhat inexperienced. (-1 XL)
                  | [Ru sacrifice]
   426 | D:1      | Reached XP level 1. HP: 14/14 MP: 3/3
   426 | D:1      | Reached * piety under Ru
  1296 | D:1      | Frozen to death by an endoplasm

Illustrated notes

Levels and vault maps discovered:
D:1:      mrwooster_arrival_statue_2, layout_basic,
          shapermc_ecumenical_altar_flowoftime

Skill      XL: |  1 |
---------------+----+-----
Stealth        | 2 |  2.0
Dodging        | |  1.9
Spellcasting   | |  2.3
Conjurations   | |  1.0
Fire Magic     | |  3.6

Action                     || total
---------------------------++-------
  Melee: Club              ||    32
         Tailslap          ||    14
   Cast: Foxfire           ||    43
 Invoke: Sacrifice Experie ||     1
    Use: Potion            ||     5
         Scroll            ||     4
 Armour: Skin              ||    28
  Dodge: Dodged            ||    23
